 Dungeon Crawl Stone Soup version 0.28-a0-1638-g9123634e07 (webtiles) character file.

Game seed: 4686005632405207898

71 hashsling the Grave Robber (level 4, -3/33 HPs)
             Began as a Human Necromancer on Jan 26, 2022.
             Slain by a goblin (5 damage)
             ... led by Robin
             ... on level 2 of the Dungeon.
             The game lasted 00:04:45 (2197 turns).

hashsling the Grave Robber (Human Necromancer)      Turns: 2197, Time: 00:04:45

Health: -3/33      AC:  3    Str:  8    XL:     4   Next: 47%
Magic:  4/7        EV: 12    Int: 17    God:
Gold:   56         SH:  0    Dex: 14    Spells: 2/7 levels left

rFire   . . .      SeeInvis .   j - +0 trident
rCold   . . .      Faith    .   (no shield)
rNeg    . . .      Spirit   .   a - +0 robe
rPois   .          Reflect  .   d - +0 helmet
rElec   .          Harm     .   (no cloak)
rCorr   .          Rampage  .   (no gloves)
Will    .....                   (no boots)
Stlth   ++........              (no amulet)
HPRegen 0.11/turn               f - ring of flight
MPRegen 0.10/turn               (no ring)

@: flying
A: no striking features
a: no special abilities


You were on level 2 of the Dungeon.
You visited 1 branch of the dungeon, and saw 2 of its levels.

You collected 56 gold pieces.

Inventory:

Hand Weapons
 j - a +0 trident (weapon)
Armour
 a - a +0 robe (worn)
 d - a +0 helmet (worn)
Jewellery
 f - a ring of flight (left hand)
Scrolls
 b - a scroll of identify {unknown}
 i - a scroll of enchant armour {unknown}
Potions
 c - a potion of heal wounds {unknown}
 g - a potion of berserk rage {unknown}


   Skills:
 * Level 2.1 Fighting
 + Level 2.6 Dodging
 - Level 2.0 Stealth
 - Level 2.0 Spellcasting
 * Level 4.7 Necromancy


You had 2 spell levels left.
You knew the following spells:

 Your Spells              Type           Power      Damage    Failure   Level
a - Pain                  Necr           68%        1d7       2%          1
b - Animate Skeleton      Necr           34%        N/A       2%          1
c - Vampiric Draining     Necr           17%        2d7       9%          3

Your spell library contained the following spells:

 Spells                   Type           Power      Damage    Failure   Level
 Animate Dead             Necr           8%         N/A       28%         4
 Agony                    Necr           17%        N/A       61%         5


Dungeon Overview and Level Annotations

Branches:
Dungeon (2/15)

Altars:


Message History

The goblin barely misses you. The goblin hits you but does no damage.
The hobgoblin closely misses you. x2
Casting: Animate Skeleton (safe; 2% risk of failure)
Confirm with . or Enter, or press ? or * to list all spells.
The spell is quite dangerous to miscast (9% risk of failure)!
Continue anyway?
Aiming: Vampiric Draining (quite dangerous; 9% risk of failure)
Press: ? - help, Shift-Dir - straight line, f - adder
Aim: an adder You draw life force from the adder!
You kill the adder!
You feel life coursing into your body.
The goblin no longer looks unusually strong.
The goblin hits you but does no damage. The goblin hits you with a +0 dagger.
The hobgoblin misses you.
Reach: j) +0 trident
Press: ? - help, Dir - move target, f - Robin
Aim: Robin, wielding a +0 short sword, wearing a +0 animal skin and wearing a +2 helmet (almost dead, about 35% to evade your +0 trident)
You reach to attack!
You barely miss Robin.
Robin is almost dead.
The goblin no longer looks unusually strong.
Robin roars a battlecry!
The goblins go into a battle-frenzy!
The goblin closely misses you. The hobgoblin barely misses you.
The goblin hits you with a +0 dagger. The hobgoblin hits you.
* * * LOW HITPOINT WARNING * * *
Reach: j) +0 trident
Press: ? - help, Dir - move target, f/p - Robin
Aim: Robin, wielding a +0 short sword, wearing a +0 animal skin and wearing a +2 helmet (almost dead, about 35% to evade your +0 trident)
You puncture Robin!
You kill Robin!
The goblin hits you with a +0 club.
* * * LOW HITPOINT WARNING * * *
The hobgoblin completely misses you. The goblin hits you but does no damage.
The hobgoblin hits you but does no damage.
The goblin hits you with a +0 dagger.
* * * LOW HITPOINT WARNING * * *
The hobgoblin hits you.
* * * LOW HITPOINT WARNING * * *
The goblin hits you with a +0 club.
You die...

#.# #.# #.# #.####.#
#.# #.##...###.#
#####.#
#....#....)##.......
###†###....g)g#
#..#..#######
##...## ##gg#
#@g########
#gg........
######.####


You could see 3 hobgoblins and 2 goblins.

Vanquished Creatures
  Terence (D:2)
  Robin (D:2)
  An adder (D:2)
  3 worms (D:2)
  An endoplasm (D:1)
  2 giant cockroaches (D:2)
  4 goblins (D:2)
  5 hobgoblins
  A kobold (D:1)
  A quokka (D:1)
  4 ball pythons
  A bat (D:1)
  A frilled lizard (D:1)
  3 rats
29 creatures vanquished.

Vanquished Creatures (collateral kills)
  An endoplasm (D:1)
  A goblin (D:2)
2 creatures vanquished.

Grand Total: 31 creatures vanquished

Notes
Turn   | Place    | Note
-------+----------+-------------------------------------------
     0 | D:1      | hashsling the Human Necromancer began the quest for the
                  | Orb.
     0 | D:1      | Reached XP level 1. HP: 13/13 MP: 3/3
   213 | D:1      | Learned a level 1 spell: Animate Skeleton
   580 | D:1      | Reached XP level 2. HP: 13/20 MP: 1/5
   705 | D:1      | Reached skill level 1 in Fighting
   925 | D:1      | Found a faded altar of an unknown god.
   925 | D:1      | Noticed a reaper
  1218 | D:2      | Noticed Terence
  1310 | D:2      | Reached XP level 3. HP: 10/26 MP: 0/6
  1678 | D:2      | Learned a level 3 spell: Vampiric Draining
  1685 | D:2      | Killed Terence
  1686 | D:2      | Reached XP level 4. HP: 22/33 MP: 0/7
  2167 | D:2      | Noticed Robin
  2197 | D:2      | Killed Robin
  2197 | D:2      | Slain by a goblin

Illustrated notes

Levels and vault maps discovered:
D:1:      lightli_arrival_statue_moat, layout_basic,
          dreamdust_ecumenical_altar_sealed_demon, st_stairs_12,
          chequers_serial_rivers_micro_b, minivault_23
D:2:      layout_loops_ring, hangedman_glass_teeth, uniq_terence, uniq_robin

Skill      XL: |  1  2  3  4 |
---------------+-------------+-----
Fighting       | 1 2 |  2.1
Dodging        | |  2.6
Stealth        | |  2.0
Spellcasting   | |  2.0
Necromancy     | |  4.7

Action                   |  1- 3 |  4- 6 || total
-------------------------+-------+-------++-------
Melee: Dagger            |    10 |       ||    10
       Falchion          |    22 |       ||    22
       Short sword       |     4 |       ||     4
       Rapier            |     3 |       ||     3
       Trident           |       |    30 ||    30
 Cast: Pain              |    30 |    10 ||    40
       Animate Skeleton  |     1 |     3 ||     4
       Vampiric Draining |     1 |     2 ||     3
Armor: Robe              |    15 |     9 ||    24
Dodge: Dodged            |    26 |    27 ||    53

Table legend: (Time is in decaauts)
 A = Elapsed time spent in this place.
 B = Non-inter-level travel time spent in this place.
 C = Inter-level travel time spent in this place.
 D = Time resting spent in this place.
 E = Time spent auto-exploring this place.
 F = Levels seen in this place.
 G = Mean time per level.
                   A        B        C        D        E       F      G
               +--------+--------+--------+--------+--------+-----+--------+
         Total |   2210 |   2190 |     20 |      0 |   1869 |   2 | 1105.0 |
       Dungeon |   2210 |   2190 |     20 |      0 |   1869 |   2 | 1105.0 |
               +--------+--------+--------+--------+--------+-----+--------+

Top non-repeatable levels by time:
     D:1: 1183 daAuts
     D:2: 1026 daAuts
